 Dungeon Crawl Stone Soup version 0.18.1-8-gdd0e5ea (webtiles) character file.

1288 Liquid the Basher (level 8, -2/84 HPs)
             Began as an Ogre Hunter on June 10, 2016.
             Was a Follower of Kikubaaqudgha.
             Slain by Prince Ribbit (5 damage)
             ... on level 6 of the Dungeon.
             The game lasted 00:13:57 (4583 turns).

Liquid the Basher (Ogre Hunter)                     Turns: 4583, Time: 00:13:58

Health: -2/84      AC:  4    Str: 20    XL:     8   Next: 55%
Magic:  8/8        EV: 12    Int: 10    God:    Kikubaaqudgha [*.....]
Gold:   393        SH:  0    Dex: 15    Spells: 0 memorised, 7 levels left

rFire  . . .     SeeInvis .     B - +3 whip (elec)
rCold  . . .     Gourm    .     y - +1 robe (curse)
rNeg   . . .     Faith    .     (no shield)
rPois  .         Spirit   .     (helmet restricted)
rElec  .         Dismiss  .     (no cloak)
rCorr  .         Reflect  .     (gloves unavailable)
SustAt .         Harm     .     (boots unavailable)
MR     +....                    (no amulet)
Stlth  +++.......               (no ring)
                                D - ring of protection from magic

@: agile, very slightly contaminated, invisible, somewhat resistant to hostile
enchantments, fairly stealthy
A: unfitting armour, tough skin 1
a: Receive Corpses, Renounce Religion


You were on level 6 of the Dungeon.
You worshipped Kikubaaqudgha.
Kikubaaqudgha was aware of your devotion.
You were hungry.

You visited 1 branch of the dungeon, and saw 6 of its levels.

You collected 393 gold pieces.

Inventory:

Hand Weapons
 B - a +3 whip of electrocution (weapon)
 H - a +0 giant spiked club
Missiles
 v - 3 large rocks (quivered)
Armour
 m - a +2 robe of the Archmagi
 y - a cursed +1 robe (worn)
Magical Staves
 a - an uncursed staff of death
Jewellery
 D - a ring of protection from magic (left hand)
Wands
 c - a wand of confusion (13/48)
 E - a wand of flame (37/48)
Scrolls
 e - 3 scrolls of identify
 k - 4 scrolls of enchant armour
 t - a scroll of teleportation
Potions
 b - a potion of cure mutation {unknown}
 g - 3 potions of lignification
 j - 2 potions of haste
 n - a potion of flight
 p - a potion of magic
 s - a potion of might
 w - 2 potions of ambrosia
 F - a potion of mutation
Books
 G - Kikubaaqudgha's Volume of Stolen Souls
   (Kikubaaqudgha gifted it to you on level 5 of the Dungeon)

   Spells                             Type                      Level
   a - Animate Skeleton               Necromancy                   1
   b - Corpse Rot                     Necromancy                   2
   c - Sublimation of Blood           Necromancy                   2
   d - Vampiric Draining              Necromancy                   3
   e - Control Undead                 Necromancy                   4
Comestibles
 f - 3 bread rations
 i - a chunk of flesh
 o - 10 fruits
 q - 2 meat rations
 x - a beef jerky
 z - a royal jelly


   Skills:
 + Level 6.5 Fighting
 * Level 8.2 Maces & Flails
 + Level 6.2 Throwing
 - Level 4.0 Dodging
 - Level 0.7 Stealth


You had 7 spell levels left.
You didn't know any spells.

Dungeon Overview and Level Annotations

Branches:
Dungeon (6/15)
 Temple: D:4-7

Altars:
Cheibriados
Elyvilon
Kikubaaqudgha
Makhleb
Okawaru
Pakellas
Ru
The Shining One

Annotations:
D:6 Prince Ribbit


Innate Abilities, Weirdness & Mutations

You are too large for most types of armour.
You have tough skin (AC +1).


Message History

Prince Ribbit hits you!
* * * LOW HITPOINT WARNING * * *
You are very lightly contaminated with residual magic.
Prince Ribbit hits you.
* * * LOW HITPOINT WARNING * * *
Prince Ribbit misses you.
A giant newt, an adder and an orc wizard come into view.
Drink which item? (? for menu, Esc to quit)
You feel better. Prince Ribbit closely misses you. Prince Ribbit hits you!
* * * LOW HITPOINT WARNING * * *
Drink which item? (? for menu, Esc to quit)
Okay, then.
Prince Ribbit barely misses you.
Found a potion of invisibility.
Prince Ribbit misses you. Prince Ribbit barely misses you.
There is a stone staircase leading up, spattered with blood here.
Prince Ribbit barely misses you. Prince Ribbit hits you.
You die...
Kikubaaqudgha rasps: "You have failed me!
Welcome... death!"

#...#######
#........!#
########....#
..........#.######.
...................
...............####
..........#........
.......F..#........
.......@..#........
###########........
#........ #........
..S.o..


You could see Prince Ribbit.

Vanquished Creatures
  Eustachio (D:4)
  Duvessa (D:5)
  2 ice beasts
  A centaur (D:5)
  2 ogres
  Blork the orc (D:4)
  Dowan (D:5)
  A hound (D:4)
  2 orc priests
  Ijyb (D:2)
  An iguana (D:4)
  3 worker ants
  A hound skeleton (D:4)
  Robin (D:4)
  3 gnolls (D:3)
  5 adders
  An ooze (D:4)
  5 worms
  5 dart slugs
  4 giant geckos
  11 orcs
  9 bats
  5 giant cockroaches
  20 goblins
  18 hobgoblins
  6 jackals
  12 kobolds
  4 quokkas
  A ball python (D:4)
  4 giant newts
  A quokka zombie (D:5)
  10 rats
143 creatures vanquished.

Vanquished Creatures (others)
  A human (D:4)
  A plant (D:4)
2 creatures vanquished.

Grand Total: 145 creatures vanquished

Notes
Turn   | Place    | Note
--------------------------------------------------------------
     0 | D:1      | Liquid the Ogre Hunter began the quest for the Orb.
     0 | D:1      | Reached XP level 1. HP: 22/22 MP: 1/1
   397 | D:1      | Reached XP level 2. HP: 30/31 MP: 2/2
   643 | D:1      | Reached skill level 1 in Maces & Flails
   649 | D:1      | Reached XP level 3. HP: 20/37 MP: 3/3
  1144 | D:2      | Reached skill level 2 in Maces & Flails
  1239 | D:2      | Found an oddly glowing altar of Pakellas.
  1304 | D:2      | Reached XP level 4. HP: 19/45 MP: 4/4
  1660 | D:2      | Noticed Ijyb
  1725 | D:2      | Killed Ijyb
  2138 | D:2      | Found a burning altar of Makhleb.
  2138 | D:2      | Noticed a blizzard demon
  2181 | D:2      | Reached skill level 3 in Maces & Flails
  2434 | D:3      | Reached XP level 5. HP: 39/54 MP: 5/5
  2612 | D:3      | Noticed an ice beast
  2626 | D:3      | Killed an ice beast
  2626 | D:3      | Reached skill level 4 in Maces & Flails
  2626 | D:3      | Reached XP level 6. HP: 31/62 MP: 6/6
  2720 | D:3      | Reached skill level 5 in Throwing
  3338 | D:4      | Found an ancient bone altar of Kikubaaqudgha.
  3338 | D:4      | Noticed a human
  3342 | D:4      | Killed a human
  3348 | D:4      | Became a worshipper of Kikubaaqudgha
  3528 | D:4      | Noticed Blork the orc
  3542 | D:4      | Killed Blork the orc
  3542 | D:4      | Reached skill level 5 in Maces & Flails
  3599 | D:4      | Found a sacrificial altar of Ru.
  3692 | D:4      | Reached XP level 7. HP: 71/71 MP: 7/7
  3693 | D:4      | Reached skill level 5 in Fighting
  3717 | D:4      | Noticed Eustachio
  3724 | D:4      | Killed Eustachio
  3724 | D:4      | Reached skill level 6 in Maces & Flails
  3745 | D:4      | Found a glowing golden altar of the Shining One.
  3788 | D:4      | Found an iron altar of Okawaru.
  4056 | D:4      | Noticed Robin
  4067 | D:4      | Killed Robin
  4210 | D:5      | Entered Level 5 of the Dungeon
  4237 | D:5      | Reached skill level 7 in Maces & Flails
  4237 | D:5      | Reached XP level 8. HP: 65/83 MP: 8/8
  4324 | D:5      | Reached * piety under Kikubaaqudgha
  4324 | D:5      | Received a gift from Kikubaaqudgha
  4332 | D:5      | Identified Kikubaaqudgha's Volume of Stolen Souls (Kikubaaqudgha gifted it to you on level 5 of the Dungeon)
  4353 | D:5      | Noticed Duvessa
  4354 | D:5      | Noticed Dowan
  4380 | D:5      | Killed Duvessa
  4385 | D:5      | Killed Dowan
  4385 | D:5      | Reached skill level 8 in Maces & Flails
  4427 | D:5      | Found a snail-covered altar of Cheibriados.
  4464 | D:5      | Found a white marble altar of Elyvilon.
  4535 | D:5      | Noticed Prince Ribbit
  4571 | D:6      | HP: 3/84 [Prince Ribbit (6)]
  4573 | D:6      | HP: 1/84 [Prince Ribbit (9)]
  4583 | D:6      | Slain by Prince Ribbit

Skill      XL: |  1  2  3  4  5  6  7  8 |
---------------+-------------------------+-----
Fighting       | 3 4 5 6 |  6.5
Dodging        | 2 3 4 |  4.0
Maces & Flails | 1 2 3 4 5 7 8 |  8.2
Throwing       | 5 6 |  6.2
Stealth        | |  0.7

Action                   |  1- 3 |  4- 6 |  7- 9 || total
-------------------------+-------+-------+-------++-------
Melee: Short sword       |    48 |       |       ||    48
       Mace              |    86 |   165 |       ||   251
       Whip              |       |    48 |    93 ||   141
Throw: Large rock        |     5 |    27 |    19 ||    51
       Throwing net      |       |     7 |     3 ||    10
  Use: Potion            |       |     1 |     3 ||     4
       Scroll            |       |    12 |     4 ||    16
 Stab: Sleeping          |     1 |       |     1 ||     2
       Held in net/web   |       |     2 |       ||     2
  Eat: Chunk             |     1 |     9 |     2 ||    12
Armor: Robe              |    36 |    66 |    14 ||   116
Dodge: Dodged            |    80 |   143 |    32 ||   255
